Map: 潜水艇-天梯版

Players

TIME (Oliveira) - Winner!

  • Race: Terran Terran

iGXY (XY)

  • Race: Terran Terran

Event: DreamHack SC2 Masters 2020 Winter

VOD

Have the link to the VOD?

Description

Time

  • Played on: Oct. 31, 2020, 9:39 a.m.
  • Length: 8:39

All games in this series

Show
View Real Time Build Order
Export as new Build Order

TIME Terran - Winner!

Build Orders:  

Get SALT Encoding   

  12  0:00  SCV  
  13  0:12  SCV  
  14  0:17  Supply Depot  
  14  0:24  SCV  
  15  0:39  SCV  
  15  0:40  Barracks  
  16  0:43  Refinery  
  16  0:49  Refinery  
  16  0:53  SCV  
  17  1:05  SCV  
  18  1:18  SCV  
  19  1:28  Reaper  
  19  1:29  Supply Depot  
  19  1:30  Orbital Command  
  20  1:44  Factory  
  20  1:55  SCV  
  20  2:00  Reaper  
  22  2:08  SCV  
  23  2:20  Command Center  
  23  2:23  SCV  
  23  2:29  Hellion  
  26  2:32  Barracks Reactor  
  26  2:35  SCV  
  27  2:41  Starport  
  27  2:47  SCV  
  27  2:50  Supply Depot  
  28  2:52  Widow Mine  
  30  3:00  SCV  
  31  3:12  Marine x2, SCV  
  34  3:15  Factory Tech Lab  
  34  3:20  Medivac  
  34  3:22  Refinery  
  34  3:24  SCV  
  37  3:29  Marine x2  
  37  3:32  Orbital Command  
  39  3:36  SCV  
  40  3:42  Cyclone  
  40  3:47  Marine x2  
  45  3:51  Starport Tech Lab  
  45  3:55  SCV  
  46  3:59  SCV, Supply Depot  
  47  4:07  Marine x2  
  47  4:09  Raven  
  51  4:11  SCV  
  51  4:12  SCV  
  53  4:21  Siege Tank  
  56  4:25  Marine  
  57  4:34  SCV  
  58  4:38  SCV  
  58  4:41  Supply Depot  
  58  4:43  Marine  
  60  4:45  Supply Depot  
  57  5:01  Command Center  
  57  5:02  Raven, Siege Tank  
  61  5:09  SCV  
  61  5:14  SCV  
  60  5:21  SCV  
  60  5:22  Barracks Reactor  
  60  5:27  SCV  
  62  5:33  SCV  
  60  5:39  SCV  
  60  5:41  Siege Tank  
  62  5:44  Supply Depot  
  62  5:46  SCV  
  62  5:47  Raven  
  65  5:51  SCV  
  65  5:58  SCV  
  65  6:02  Marine x2  
  65  6:03  SCV  
  69  6:07  Barracks  
  69  6:08  Barracks  
  69  6:10  SCV  
  70  6:14  Orbital Command  
  70  6:15  Siege Tank, SCV  
  74  6:21  Supply Depot, Refinery  
  74  6:22  SCV  
  75  6:27  SCV  
  76  6:34  SCV  
  76  6:35  Marine  
  76  6:36  Stimpack  
  76  6:37  Supply Depot  
  76  6:39  SCV, Viking x2  
  83  6:44  Orbital Command  
  81  6:50  SCV  
  81  6:51  SCV  
  82  6:55  Supply Depot, Engineering Bay  
  82  6:56  Barracks Reactor x2  
  82  6:57  Engineering Bay  
  82  7:01  Siege Tank  
  82  7:02  Marine  
  82  7:03  SCV x2  
  88  7:09  SCV  
  88  7:11  Viking x2  
  94  7:15  SCV  
  94  7:18  SCV  
  94  7:21  SCV  
  96  7:27  SCV  
  97  7:30  SCV  
  97  7:33  Marine, Barracks  
  97  7:34  Barracks  
  99  7:37  Marine x2  
  99  7:40  Siege Tank  
  99  7:42  SCV  
  104  7:44  SCV x2  
  104  7:46  Marine  
  104  7:47  Supply Depot  
  104  7:50  Marine  
  104  7:51  Marine  
  109  7:52  Medivac  
  109  7:55  Refinery x2  
  111  7:59  Medivac, Marine x2  
  111  8:00  SCV  
  111  8:03  SCV  
  117  8:09  Supply Depot x2  
  117  8:12  Sensor Tower  
  117  8:14  Marine  
  117  8:15  Marine x2  
  117  8:16  Marine  
  117  8:18  Marine  
Show
View Real Time Build Order
Export as new Build Order

iGXY Terran 

Build Orders:  

Get SALT Encoding   

  12  0:00  SCV  
  13  0:12  SCV  
  14  0:16  Supply Depot  
  14  0:24  SCV  
  14  0:27  Refinery  
  15  0:38  SCV  
  16  0:44  Barracks  
  16  0:50  SCV  
  16  0:54  Refinery  
  17  1:02  SCV  
  18  1:14  SCV  
  19  1:31  Factory, Orbital Command  
  20  1:32  Reaper  
  20  1:41  Supply Depot  
  20  1:56  SCV  
  21  2:04  Reaper  
  22  2:08  SCV  
  25  2:15  Hellion  
  25  2:20  SCV  
  26  2:25  Command Center  
  26  2:32  SCV  
  26  2:34  Starport  
  27  2:37  Barracks Reactor  
  27  2:40  Factory Tech Lab  
  27  2:44  SCV  
  27  2:48  Supply Depot  
  28  2:57  SCV  
  29  3:09  SCV, Siege Tank  
  33  3:13  Marine x2  
  35  3:20  Refinery  
  35  3:21  SCV, Medivac  
  38  3:33  SCV  
  39  3:37  Marine x2  
  39  3:38  Orbital Command  
  41  3:45  SCV  
  42  3:52  Supply Depot  
  42  3:54  Factory Tech Lab  
  42  3:57  SCV  
  43  4:03  SCV  
  43  4:05  Marine x2  
  43  4:07  Raven  
  43  4:09  SCV  
  49  4:12  Supply Depot  
  49  4:15  SCV  
  50  4:21  SCV  
  50  4:23  Marine x2  
  48  4:27  SCV  
  47  4:35  Cyclone  
  49  4:44  SCV  
  48  4:52  SCV  
  40  4:56  SCV  
  40  4:58  Marine  
  40  5:04  SCV  
  40  5:07  Marine  
  40  5:08  SCV  
  42  5:16  SCV, Marine  
  42  5:20  SCV  
  45  5:25  Marine  
  45  5:28  SCV  
  47  5:33  SCV  
  47  5:34  Marine  
  45  5:40  SCV  
  44  5:43  Marine  
  44  5:45  SCV  
  46  5:51  Marine  
  46  5:52  SCV  
  46  5:55  Raven  
  49  6:01  SCV  
  50  6:05  SCV  
  50  6:09  Marine x2  
  53  6:13  SCV, Factory Tech Lab  
  53  6:17  SCV  
  55  6:20  Supply Depot  
  55  6:25  SCV  
  56  6:29  SCV  
  56  6:31  Supply Depot  
  56  6:32  Siege Tank  
  60  6:37  SCV  
  61  6:42  Marine x2, SCV  
  64  6:49  SCV  
  64  6:53  Supply Depot  
  64  6:54  SCV  
  66  6:59  Marine  
  67  7:01  SCV  
  67  7:02  Raven  
  67  7:04  Marine, Siege Tank  
  67  7:06  SCV  
  67  7:07  Supply Depot  
  75  7:13  SCV  
  75  7:15  Supply Depot  
  76  7:17  Marine  
  76  7:18  SCV  
  76  7:22  Marine  
  76  7:25  SCV  
  71  7:30  Command Center  
  71  7:32  SCV  
  71  7:35  Marine  
  73  7:39  Siege Tank  
  73  7:40  SCV, Marine  
  78  7:49  SCV  
  79  7:55  SCV  
  80  8:01  SCV  
  80  8:04  Marine, Barracks  
  80  8:05  Barracks  
  81  8:09  Engineering Bay  
  81  8:10  Engineering Bay  
Tags
 
Add a new tag
Caveats
  • Supply blocks, unpowered buildings, or Contaminate may cause inaccurate times.
  • Supply counts are checked every 10 seconds.